 Dungeon Crawl Stone Soup version 0.29.1-1-gd02db6906a (webtiles) character file.

Game seed: 17782732255438608130

144 raistware the Magician (level 5, 0/31 HPs)
             Began as an Octopode Conjurer on Sept 16, 2022.
             Slain by an iguana (5 damage)
             ... on level 3 of the Dungeon.
             The game lasted 00:05:04 (3383 turns).

raistware the Magician (Octopode Conjurer)          Turns: 3383, Time: 00:05:04

Health: 0/31       AC:  1    Str:  6    XL:     5   Next: 27%
Magic:  2/11       EV: 13    Int: 22    God:
Gold:   84         SH:  0    Dex: 11    Spells: 4/12 levels left

rFire   . . .      SeeInvis .   (no weapon)
rCold   . . .      Faith    .   (no shield)
rNeg    . . .      Spirit   .   (helmet restricted)
rPois   .          Reflect  .   (no amulet)
rElec   .          Harm     .   q - ring of willpower
rCorr   .          Rampage  .   (no ring)
Will    +....                   (no ring)
Stlth   +++.......              (no ring)
HPRegen 0.10/turn               (no ring)
MPRegen 0.12/turn               (no ring)
                                (no ring)
                                (no ring)

@: no status effects
A: almost no armour, amphibious, 8 rings, camouflage 1, gelatinous body 1,
(nimble swimmer 1), tentacles
a: no special abilities


You were on level 3 of the Dungeon.
You visited 1 branch of the dungeon, and saw 3 of its levels.

You collected 84 gold pieces.

Inventory:

Jewellery
 q - a ring of willpower (left tentacle)
Scrolls
 b - a scroll of magic mapping {unknown}
 f - a scroll of identify {unknown}
 g - a scroll of torment {unknown}
 h - a scroll of enchant armour {unknown}
 i - a scroll of fear {unknown}
 l - 2 scrolls of teleportation {unknown}
 o - a scroll of fog {unknown}
 p - a scroll of enchant weapon {unknown}
Potions
 a - a potion of magic
 c - 3 potions of might {unknown}
 d - a potion of haste {unknown}
 e - a potion of degeneration {unknown}
 j - a potion of resistance {unknown}
 k - a potion of flight {unknown}
 m - a potion of curing {unknown}
 n - a potion of lignification {unknown}


   Skills:
 - Level 2.0 Dodging
 - Level 3.0 Stealth
 * Level 4.3 Spellcasting
 - Level 4.0 Conjurations
 - Level 2.0 Translocations


You had 4 spell levels left.
You knew the following spells:

 Your Spells              Type           Power      Damage    Failure   Level
a - Magic Dart            Conj           88%        1d7       1%          1
b - Iskenderun's Mystic   Conj/Tloc      17%        2d5       30%         4
c - Mephitic Cloud        Conj/Pois/Air  10%        N/A       19%         3

Your spell library contained the following spells:

 Spells                   Type           Power      Damage    Failure   Level
 Searing Ray              Conj           44%        2d6       3%          2
 Dazzling Flash           Conj/Hex       26%        N/A       14%         3
 Call Imp                 Summ           4%         N/A       16%         2
 Fulminant Prism          Conj/Hex       6%         3d7       43%         4


Dungeon Overview and Level Annotations

Branches:
Dungeon (3/15)

Altars:


Innate Abilities, Weirdness & Mutations

You cannot wear most types of armour.
You are amphibious.
You can wear up to eight rings at the same time.
Your skin changes colour to match your surroundings (Stealth+).
Your rubbery body absorbs attacks. (AC +1, EV +1)
((You are camouflaged when in or above water. (Stealth+)))
You have tentacles for arms and can constrict up to eight enemies at once.


Message History

You can't see any susceptible monsters within range! (Use Z to cast anyway.)
A quokka comes into view.
An iguana comes into view.
The magic dart hits the quokka but does no damage.
The iguana hisses angrily.
The magic dart hits the iguana.
The iguana is moderately wounded.
The magic dart hits the iguana.
The iguana is heavily wounded.
The magic dart hits the iguana but does no damage.
The iguana is heavily wounded.
The magic dart hits the quokka.
The quokka is almost dead.
The magic dart hits the quokka.
You kill the quokka!
The magic dart hits the iguana but does no damage.
The iguana is heavily wounded.
The iguana bites you!
The magic dart hits the iguana.
The iguana is heavily wounded.
The iguana bites you!
You are too injured to fight recklessly!
You are too injured to fight recklessly!
Casting: Magic Dart (safe; 1% risk of failure)
Confirm with . or Enter, or press ? or * to list all spells.
Aiming: Magic Dart (safe; 1% risk of failure)
Press: ? - help, Shift-Dir - straight line, f/p - iguana
Aim: an iguana (heavily wounded, 100% to hit)
The magic dart hits the iguana.
The iguana is almost dead.
The iguana bites you.
* * * LOW HITPOINT WARNING * * *
Casting: Magic Dart (safe; 1% risk of failure)
Confirm with . or Enter, or press ? or * to list all spells.
Aiming: Magic Dart (safe; 1% risk of failure)
Press: ? - help, Shift-Dir - straight line, f/p - iguana
Aim: an iguana (almost dead, 100% to hit)
The magic dart hits the iguana.
The iguana is almost dead.
The iguana bites you.
You die...

..... #........#.#.....
.#... #....##..#.#.....
.....##....##..#.#.....#
........................
.....##................#
.#.#. #................
.. #.#.....#.[#...# .###
#..#.....#..#...#.# ..
....#.##+#..@......# ..
........ #.l.#...?.#
........................
.......................#
. .# ##.#...............
> ..............# .
♣..............
♣♣.....##....#


You could see an iguana.

Vanquished Creatures
  An orc priest (D:1)
  An orc wizard (D:1)
  An adder (D:2)
  A worm (D:2)
  4 dart slugs
  3 orcs
  5 ball pythons
  4 bats
  4 endoplasms
  2 giant cockroaches
  5 goblins
  7 hobgoblins
  4 jackals (D:2)
  11 kobolds
  5 quokkas
  A frilled lizard (D:1)
  6 rats
65 creatures vanquished.

Notes
Turn   | Place    | Note
-------+----------+-------------------------------------------
     0 | D:1      | raistware the Octopode Conjurer began the quest for the
                  | Orb.
     0 | D:1      | Reached XP level 1. HP: 11/11 MP: 3/3
   381 | D:1      | Reached XP level 2. HP: 17/17 MP: 3/5
   927 | D:1      | Reached XP level 3. HP: 21/21 MP: 5/7
  1724 | D:1      | Reached XP level 4. HP: 18/27 MP: 3/10
  1784 | D:1      | Learned a level 4 spell: Iskenderun's Mystic Blast
  1834 | D:1      | Reached skill level 1 in Translocations
  2033 | D:2      | Found a faded altar of an unknown god.
  2292 | D:2      | Reached XP level 5. HP: 31/31 MP: 3/11
  3353 | D:3      | Learned a level 3 spell: Mephitic Cloud
  3383 | D:3      | Slain by an iguana

Illustrated notes

Levels and vault maps discovered:
D:1:      dpeg_cavernosity, layout_loops_ring
D:2:      layout_loops_ring, chequers_ecumenical_altar_grove,
          kennysheep_generic_room_14
D:3:      layout_basic, nrook_campfire

Skill      XL: |  1  2  3  4  5 |
---------------+----------------+-----
Spellcasting   | 3 4 |  4.3
Translocations | 2 |  2.0
Stealth        | 3 |  3.0
Dodging        | |  2.0
Conjurations   | |  4.0

Action                   |  1- 3 |  4- 6 || total
-------------------------+-------+-------++-------
Melee: Unarmed           |    14 |     6 ||    20
       Constrict         |     3 |     2 ||     5
       Tentacles         |       |     1 ||     1
 Cast: Magic Dart        |    74 |    87 ||   161
 Stab: Sleeping          |     1 |     1 ||     2
Armor: Skin              |     1 |       ||     1
Dodge: Dodged            |    17 |     9 ||    26
